General information
			
			
        
        - name: debinhalencar P:| L:11
 
        - type: Ladder 1vs1/FFA
 
        - host: debinhalencar
 
        - saver: ATempT
 
        
map: aps\Download\NGL-S08-SV 
        - players: 2
 
        - length: 25:27
 
        - speed: Fast
 - version: 1.22 W3XP
 - replay type:  Public
 
» download(182 KB)
Players
        team 1 (loser) 
              
              
debinhalencar (
red | 146 APM | 3696 actions | 25:21)
              
 5 Archmage 
 3 Summon Water Elemental
 2 Brilliance Aura
 4 Pandaren Brewmaster 
 2 Drunken Brawler
 2 Drunken Haze
 4 Mountain King 
 2 Storm Bolt
 2 Bash
 
                » actions 
                
                | Assign group hotkey | 81 |  | 
| Basic commands | 262 |  | 
| Build / train | 129 |  | 
| ESC pressed | 8 |  | 
| Enter build submenu | 34 |  | 
| Enter hero's abilities submenu | 15 |  | 
| Give item / drop item | 1 |  | 
| Remove unit from queue | 1 |  | 
| Right click | 1807 |  | 
| Select / deselect | 819 |  | 
| Select group hotkey | 383 |  | 
| Use ability | 156 |  | 
                3696 total
 » units 
                
                | Peasant | 23 |  | 
| Footman | 26 |  | 
| Sorceress | 8 |  | 
| Priest | 6 |  | 
| Gryphon Rider | 3 |  | 
                66 total
 » upgrades
                
                | Masonry | 3 |  | 
| Lumber Harvesting | 2 |  | 
| Sorceress Training | 2 |  | 
| Animal War Training | 1 |  | 
| Swords | 3 |  | 
| Priest Training | 2 |  | 
| Magic Sentry | 1 |  | 
| Storm Hammers | 1 |  | 
                15 total
 » buildings
                
                | Altar of Kings | 1 |  | 
| Barracks | 1 |  | 
| Farm | 12 |  | 
| Scout Tower | 10 |  | 
| Arcane Tower | 3 |  | 
| Town Hall | 1 |  | 
| Keep | 2 |  | 
| Arcane Vault | 2 |  | 
| Lumber Mill | 1 |  | 
| Guard Tower | 5 |  | 
| Arcane Sanctum | 2 |  | 
| Castle | 2 |  | 
| Gryphon Aviary | 2 |  | 
| Blacksmith | 1 |  | 
                45 total
 » build order
                00:08 Altar of Kings
00:19 Barracks
00:36 Farm
00:58 Farm
01:35 Scout Tower
02:02 Farm
02:09 Arcane Tower
02:09 Arcane Tower
02:23 Farm
03:47 Farm
04:00 Town Hall
05:47 Scout Tower
06:39 Keep
06:39 Keep
06:58 Arcane Vault
07:00 Lumber Mill
07:17 Arcane Tower
07:18 Scout Tower
08:11 Guard Tower
08:12 Scout Tower
08:28 Farm
09:09 Scout Tower
09:10 Arcane Sanctum
10:32 Farm
10:49 Castle
10:49 Castle
11:24 Farm
12:31 Farm
12:33 Scout Tower
12:33 Arcane Sanctum
13:31 Arcane Vault
14:13 Scout Tower
14:14 Scout Tower
15:08 Farm
15:10 Guard Tower
15:11 Scout Tower
15:11 Scout Tower
15:50 Guard Tower
15:58 Gryphon Aviary
15:59 Gryphon Aviary
16:52 Farm
17:10 Blacksmith
19:20 Farm
24:20 Guard Tower
24:20 Guard Tower
» items
                
                | Circlet of Nobility | 2 |  | 
| Boots of Speed | 1 |  | 
| Potion of Lesser Invulnerability | 1 |  | 
| Potion of Healing | 2 |  | 
| Ivory Tower | 3 |  | 
                9 total
  
               team 2 (winner) 
              
              
ATempT (
blue | 139 APM | 3537 actions | 25:27)
              
 4 Blademaster 
 2 Wind Walk
 2 Critical Strike
 2 Shadow Hunter 
 1 Healing Wave
 1 Hex
 
                » actions 
                
                | Assign group hotkey | 81 |  | 
| Build / train | 66 |  | 
| Enter build submenu | 18 |  | 
| Enter hero's abilities submenu | 6 |  | 
| Give item / drop item | 1 |  | 
| Remove unit from queue | 2 |  | 
| Right click | 2072 |  | 
| Select / deselect | 513 |  | 
| Select group hotkey | 679 |  | 
| Use ability | 99 |  | 
                3537 total
 » units 
                
                | Peon | 6 |  | 
| Grunt | 10 |  | 
| Raider | 11 |  | 
| Spirit Walker | 8 |  | 
| Wind Rider | 3 |  | 
                38 total
 » upgrades
                
                | Berserker Strength | 1 |  | 
| Ensnare | 1 |  | 
| Spirit Walker Training | 1 |  | 
                3 total
 » buildings
                
                | Altar of Storms | 1 |  | 
| Orc Burrow | 11 |  | 
| Barracks | 1 |  | 
| Voodoo Lounge | 1 |  | 
| Stronghold | 3 |  | 
| Beastiary | 1 |  | 
| War Mill | 1 |  | 
| Spirit Lodge | 1 |  | 
| Great Hall | 1 |  | 
                21 total
 » build order
                00:02 Altar of Storms
00:13 Orc Burrow
00:36 Barracks
01:22 Orc Burrow
01:23 Orc Burrow
02:48 Voodoo Lounge
03:05 Stronghold
03:05 Stronghold
03:05 Stronghold
04:27 Orc Burrow
06:01 Beastiary
07:04 Orc Burrow
08:01 War Mill
08:33 Spirit Lodge
11:41 Orc Burrow
21:27 Orc Burrow
21:48 Orc Burrow
21:56 Orc Burrow
21:59 Orc Burrow
22:24 Orc Burrow
23:59 Great Hall
» items
                
                | Boots of Speed | 1 |  | 
| Circlet of Nobility | 1 |  | 
| Healing Salve | 3 |  | 
| Lesser Clarity Potion | 3 |  | 
| Potion of Healing | 1 |  | 
| Scroll of Healing | 1 |  | 
                10 total
  
                Chat log
          (00:06 / All) ATempT: delay
(00:20 / All) debinhalencar: a pra
(00:23 / All) debinhalencar: cria
(00:24 / All) debinhalencar: Tu
(00:25 / All) debinhalencar: entao
(06:13 / All) ATempT: delay zim ein
(16:38 / All) ATempT: delay
(16:39 / All) ATempT: noob
(16:40 / All) ATempT: zzz
(16:41 / All) ATempT: pqp
(16:44 / All) debinhalencar: stun hora certa
(18:48 / All) ATempT: q coisa ridicula
(18:52 / All) ATempT: esses slow
(18:58 / All) debinhalencar: taco dispel?
(19:08 / All) ATempT: soh tinha 1 porco
(19:09 / All) ATempT: e ele morreu
(19:15 / All) debinhalencar: maxo
(20:52 / All) ATempT: -apm
(20:54 / All) ATempT: como q v
(21:02 / All) debinhalencar: high prech..
(23:23 / All) debinhalencar: deu neh?
(23:27 / All) debinhalencar: cria
(23:35 / All) ATempT: vc disse bem
(23:36 / All) ATempT: DEU!
(23:38 / All) ATempT: kkkkkkkkkk
(23:47 / All) ATempT: foi um bom treino?
(23:55 / All) debinhalencar: n...
(24:03 / All) ATempT: ainda xama de noob
(24:04 / All) ATempT: vlw
(24:05 / All) debinhalencar: caguei mto pau